Map: Ulrena

Players

ILLBdA - Winner!

  • Race: Protoss Protoss
  • League: Diamond

TKBosh

  • Race: Zerg Zerg
  • League: Platinum

VOD

Have the link to the VOD?

Description

Time

  • Played on: Dec. 31, 2015, 12:16 p.m.
  • Length: 11:00
Show
View Real Time Build Order
Export as new Build Order

ILLBdA Protoss - Winner!

Build Orders:  

Get SALT Encoding   

  12  0:01  Probe (Chrono Boost)  
  13  0:12  Probe (Chrono Boost)  
  14  0:21  Pylon  
  14  0:22  Probe (Chrono Boost)  
  15  0:39  Probe (Chrono Boost)  
  15  0:40  Gateway  
  16  0:50  Probe (Chrono Boost)  
  16  0:51  Assimilator  
  17  1:00  Probe (Chrono Boost)  
  17  1:01  Assimilator  
  18  1:11  Probe (Chrono Boost)  
  19  1:14  Gateway  
  19  1:22  Probe (Chrono Boost)  
  20  1:29  Cybernetics Core  
  21  1:32  Probe (Chrono Boost)  
  21  1:36  Pylon  
  21  1:43  Probe (Chrono Boost)  
  22  1:54  Probe (Chrono Boost)  
  23  2:05  Adept (Chrono Boost)  
  23  2:06  Mothership Core (Chrono Boost)  
  23  2:07  Adept (Chrono Boost)  
  29  2:13  Pylon  
  29  2:23  Pylon  
  29  2:37  Probe  
  29  2:38  Warp Gate  
  29  2:39  Pylon  
  30  2:49  Probe  
  33  2:59  Pylon  
  33  3:01  Adept (Chrono Boost), Pylon  
  33  3:09  Adept (Chrono Boost)  
  33  3:13  Pylon  
  32  3:28  Probe, Adept (Chrono Boost)  
  32  3:33  Adept (Chrono Boost)  
  33  3:40  Mothership Core (Chrono Boost)  
  35  3:52  Sentry (Chrono Boost)  
  35  3:58  Sentry (Chrono Boost)  
  35  4:01  Probe (Chrono Boost), Robotics Facility  
  38  4:12  Probe (Chrono Boost)  
  38  4:14  Pylon  
  39  4:32  Nexus  
  39  4:36  Pylon  
  39  4:48  Adept x2  
  39  4:49  Immortal (Chrono Boost)  
  47  5:02  Gateway  
  47  5:09  Sentry x2  
  51  5:19  Pylon  
  51  5:24  Immortal (Chrono Boost)  
  55  5:32  Pylon  
  55  5:37  Probe  
  56  5:48  Gateway  
  56  5:49  Probe  
  57  5:51  Pylon  
  57  6:02  Sentry x3  
  63  6:09  Probe  
  64  6:12  Warp Prism  
  64  6:14  Probe  
  65  6:24  Sentry  
  65  6:49  Immortal  
  69  6:59  Adept x2  
  69  7:00  Adept  
  54  7:15  Probe  
  54  7:28  Immortal  
  52  7:37  Zealot  
  52  7:38  Zealot  
  54  7:56  Zealot x2  
  56  8:05  Gateway  
  56  8:06  Gateway  
  56  8:07  Immortal  
  56  8:08  Gateway  
  56  8:09  Probe  
  56  8:11  Sentry x2  
  65  8:30  Sentry  
  63  8:35  Zealot x2  
  63  8:38  Probe  
  68  8:52  Sentry  
  70  8:57  Probe  
  70  9:01  Zealot x2  
  70  9:02  Zealot x4  
  81  9:18  Nexus  
  81  9:19  Adept x2  
  81  9:20  Pylon  
  81  9:23  Zealot x2  
  81  9:24  Zealot  
  87  9:28  Sentry  
  89  9:32  Zealot  
  89  9:37  Probe  
  92  9:39  Pylon  
  92  9:44  Adept x3  
  87  9:53  Observer  
  87  10:01  Stalker x2  
  87  10:02  Zealot x2  
  87  10:07  Probe  
  87  10:10  Probe  
  87  10:17  Assimilator  
  87  10:18  Assimilator  
  87  10:19  Probe  
  87  10:41  Sentry x2  
  87  10:43  Zealot x4  
  87  10:44  Zealot  
Show
View Real Time Build Order
Export as new Build Order

TKBosh Zerg 

Build Orders: Pool First 

Get SALT Encoding   

  12  0:02  Drone  
  13  0:08  Drone  
  14  0:17  Overlord  
  14  0:36  Drone x3  
  17  0:45  Spawning Pool  
  17  0:49  Extractor  
  15  0:55  Drone  
  16  0:58  Drone  
  17  1:24  Hatchery  
  16  1:32  Zergling x6  
  19  1:40  Queen  
  21  1:50  Metabolic Boost  
  21  1:56  Overlord  
  21  2:01  Drone  
  23  2:15  Drone x2  
  23  2:18  Queen  
  25  2:32  Zergling x2  
  24  2:43  Zergling x4  
  26  2:55  Zergling x6  
  26  2:56  Zergling x2  
  29  3:07  Queen  
  27  3:25  Zergling x2  
  27  3:26  Zergling x8  
  27  3:27  Zergling x6  
  32  3:36  Lair  
  31  3:55  Drone x5  
  35  3:56  Overlord  
  35  4:02  Overlord  
  34  4:13  Extractor  
  34  4:16  Roach Warren  
  32  4:27  Drone x2  
  32  4:28  Drone x4  
  38  4:41  Spore Crawler  
  38  4:44  Spore Crawler  
  36  4:50  Drone x4  
  36  4:51  Drone  
  36  4:52  Drone  
  42  5:14  Overlord x2  
  42  5:20  Drone  
  42  5:21  Drone x2  
  45  5:22  Drone x3  
  48  5:36  Drone x4  
  48  5:38  Glial Reconstitution  
  52  5:49  Hatchery, Drone x2  
  53  5:50  Evolution Chamber  
  53  5:51  Evolution Chamber  
  53  5:55  Extractor  
  53  5:56  Extractor  
  49  6:09  Roach x2  
  49  6:10  Roach x5  
  63  6:18  Zergling x6  
  60  6:26  Roach x4  
  60  6:32  Overlord  
  64  7:02  Zergling x10  
  64  7:03  Zergling x2  
  60  7:16  Zergling x4  
  60  7:17  Queen  
  60  7:18  Queen  
  60  7:19  Zerg Missile Weapons Level 1  
  60  7:20  Zerg Ground Armor Level 1  
  63  7:33  Overlord x2  
  63  7:35  Hatchery  
  45  7:53  Roach  
  45  7:54  Roach x4  
  51  8:07  Roach x2, Tunneling Claws  
  51  8:09  Burrow  
  54  8:28  Roach x2  
  54  8:29  Roach x5  
  66  8:38  Roach  
  66  8:39  Roach x3  
  68  9:03  Hydralisk Den  
  68  9:04  Roach  
  68  9:05  Roach x4  
  68  9:06  Queen  
  68  9:08  Roach x4  
  83  9:19  Roach  
  83  9:20  Roach x4  
  75  9:39  Roach x2  
  75  9:40  Roach  
  61  9:48  Roach  
Tags
 
Matchup
PvZ
Opening
Pool First
Replay Pack
me
Add a new tag
Caveats
  • Supply blocks, unpowered buildings, or Contaminate may cause inaccurate times.
  • Supply counts are checked every 10 seconds.